 Dungeon Crawl Stone Soup version 0.25-a0-578-gc91f01c39c (webtiles) character file.

Game seed: 11198440299282660248, levelgen mode: deterministic

728 An17 the Insei (level 7, 0/39 HPs)
             Began as a Vine Stalker Transmuter on Mar 4, 2020.
             Was an Initiate of Fedhas.
             Killed from afar by Dowan (15 damage)
             ... with a stone arrow
             ... on level 7 of the Dungeon.
             The game lasted 00:15:14 (5264 turns).

An17 the Insei (Vine Stalker Transmuter)            Turns: 5264, Time: 00:15:18

Health: 0/39       AC:  2    Str: 12    XL:     7   Next: 72%
Magic:  0/14       EV: 11    Int: 15    God:    Fedhas [......]
Gold:   348        SH:  0    Dex: 15    Spells: 6/14 levels left

rFire    x . .     SeeInvis .     - Unarmed
rCold    + + +     Gourm    +   (shield currently unavailable)
rNeg     . . .     Faith    .   (armour currently unavailable)
rPois    +         Spirit   +   (helmet currently unavailable)
rElec    +         Reflect  .   (cloak currently unavailable)
rCorr    .         Harm     .   (gloves currently unavailable)
MR       .....                  (boots currently unavailable)
Stlth    ++........             r - amulet of Incredulity {Gourm rElec rC+}
HPRegen  0.53/turn              t - -3 ring of protection (curse)
MPRegen  0.14/turn              C - ring of protection from cold

@: ice-form, very slightly contaminated
A: large, regeneration 1, magic shield, no potion heal 3, rot immunity
a: End Transformation, Renounce Religion


You were on level 7 of the Dungeon.
You worshipped Fedhas.
Fedhas was noncommittal.
You were hungry.
You were a creature of crystalline ice.
You visited 2 branches of the dungeon, and saw 8 of its levels.

You collected 348 gold pieces.

Inventory:

Hand Weapons
 q - a +1 hand axe of freezing
 y - a +3 mace of protection
Missiles
 a - 40 arrows
 i - 7 poisoned darts (quivered)
Armour
 c - a +0 pair of gloves (melded)
 k - a +0 pair of boots (melded)
 o - a +0 cloak (melded)
 p - a +3 leather armour of cold resistance (melded)
 u - a +3 ring mail of poison resistance
Jewellery
 h - an uncursed amulet of the acrobat
 r - the amulet of Incredulity (around neck) {Gourm rElec rC+}
   (You found it on level 4 of the Dungeon)

   [amulet of the gourmand]

   It allows you to eat raw meat even when not hungry.
   It protects you from cold.
   It insulates you from electricity.
 t - a cursed -3 ring of protection (left front paw)
 C - a ring of protection from cold (right front paw)
Scrolls
 b - 5 scrolls of teleportation
 s - 2 scrolls of magic mapping
 w - 2 scrolls of identify
 B - a scroll of amnesia
Potions
 e - 2 potions of might
 f - 3 potions of curing
 g - a potion of haste
 j - a potion of cancellation {unknown}
 l - a potion of mutation {unknown}
 n - 3 potions of heal wounds
 v - 2 potions of stabbing {unknown}
 x - a potion of resistance {unknown}
 z - a potion of magic {unknown}
Comestibles
 d - 5 rations


   Skills:
 + Level 1.3 Fighting
 + Level 1.8 Armour
 + Level 2.6 Dodging
 - Level 0.8 Stealth
 + Level 6.2 Unarmed Combat
 + Level 4.2 Spellcasting
 + Level 3.3 Transmutations
 + Level 0.1 Ice Magic


You had 6 spell levels left.
You knew the following spells:

 Your Spells              Type           Power        Failure   Level  Hunger
a - Beastly Appendage     Tmut           ##....       4%          1    None
b - Spider Form           Tmut/Pois      #.........   26%         3    ###....
c - Ice Form              Ice/Tmut       #.......     65%         4    ####...

Your spell library contained the following spells:

 Spells                   Type           Power        Failure   Level  Hunger
 Sticks to Snakes         Tmut           ##......     7%          2    ##.....
 Blade Hands              Tmut           ##........   77%         5    ######.


Dungeon Overview and Level Annotations

Branches:
Dungeon (7/15)             Temple (1/1) D:6

Altars:
Ashenzari
Dithmenos
Elyvilon
Fedhas
Gozag
Hepliaklqana
Kikubaaqudgha
Okawaru
Qazlal
Ru
Sif Muna
Trog
Uskayaw
Vehumet
Wu Jian
Xom
Yredelemnul
Zin
The Shining One

Annotations:
D:7 Dowan


Innate Abilities, Weirdness & Mutations

((You have extremely sharp teeth.))
Your natural rate of healing is unusually fast.
When hurt, damage is shared between your health and your magic reserves.
((Your bite disrupts and absorbs the magic of your enemies.))
Potions cannot restore your health.
You are immune to rotting.


Message History

You kill Duvessa!
Fedhas accepts your kill.
You hear a distant wail of despair.
A bullfrog comes into view.
Dowan seems to find hidden reserves of power!
Dowan hits you with a +0 dagger.
Things that are here:
a +0 short sword; a +0 ring mail; the elf corpse of Duvessa Dowan barely misses you.
Dowan hits you with a +0 dagger.
You see here 24 stones.
You punch Dowan! You freeze Dowan.
Dowan is severely wounded.
The bullfrog closely misses you. Dowan closely misses you.
You closely miss Dowan.
Dowan is severely wounded.
The bullfrog barely misses you. Dowan barely misses you. The bullfrog hits you.
Dowan gestures at you while chanting. The stone arrow hits you!
You die...
Fedhas appreciates your contribution to the ecosystem.

.#......e.##...
......he####
##.......#..
#....#.##.##
...#.##.##.<##
..####..##...#
.###.....#†###
#.......e)..#
.........FY.##
..#........## #
##......##
#....>##
##.#### ##


You could see Dowan and a bullfrog.

Vanquished Creatures
  Duvessa (D:7)
  An orc warrior (D:6)
  An ogre (D:6)
  A howler monkey (D:7)
  A bullfrog zombie (D:5)
  2 hounds
  2 iguanas
  2 worker ants
  A statue (D:5)
  7 adders
  A shadow imp (D:6)
  An adder skeleton (D:4)
  An adder zombie (D:5)
  4 worms
  2 dart slugs (D:1)
  4 leopard geckos
  24 orcs
  A ball python (D:4)
  3 giant cockroaches
  2 goblins
  4 hobgoblins
  10 jackals
  2 quokkas
  6 frilled lizards
  A giant cockroach zombie (D:5)
  6 kobolds
  A quokka skeleton (D:4)
  3 rats
95 creatures vanquished.

Notes
Turn   | Place    | Note
-------+----------+-------------------------------------------
     0 | D:1      | An17 the Vine Stalker Transmuter began the quest for the
                  | Orb.
     0 | D:1      | Reached XP level 1. HP: 9/9 MP: 4/4
   296 | D:1      | Reached XP level 2. HP: 14/14 MP: 4/6
   928 | D:2      | Reached XP level 3. HP: 11/17 MP: 4/7
   933 | D:2      | Learned a level 3 spell: Spider Form
  1156 | D:2      | Reached skill level 4 in Unarmed Combat
  1557 | D:3      | Gained mutation: Your natural rate of healing is unusually
                  | fast. [Vine Stalker growth]
  1557 | D:3      | Reached XP level 4. HP: 13/21 MP: 6/9
  2218 | D:3      | Reached XP level 5. HP: 25/25 MP: 10/10
  2241 | D:3      | Learned a level 4 spell: Ice Form
  2518 | D:4      | Got a wavering emerald amulet
  2520 | D:4      | Identified the amulet of Incredulity {Gourm rElec rC+} (You
                  | found it on level 4 of the Dungeon)
  2566 | D:4      | Found a hide-covered altar of Uskayaw.
  2814 | D:5      | Entered Level 5 of the Dungeon
  2910 | D:5      | Reached XP level 6. HP: 26/29 MP: 8/11
  2914 | D:5      | Reached skill level 5 in Unarmed Combat
  3027 | D:5      | Found a radiant altar of Vehumet.
  3191 | D:5      | Found a glowing golden altar of the Shining One.
  3193 | D:5      | Found an iron altar of Okawaru.
  3275 | D:5      | Reached skill level 1 in Fighting
  3988 | D:6      | Reached skill level 1 in Armour
  4070 | D:6      | Noticed an orc warrior
  4093 | D:6      | Killed an orc warrior
  4093 | D:6      | Reached XP level 7. HP: 4/33 MP: 2/14
  4257 | D:6      | Found a glowing silver altar of Zin.
  4394 | D:6      | Found a staircase to the Ecumenical Temple.
  4483 | Temple   | Entered the Ecumenical Temple
  4688 | Temple   | Became a worshipper of Fedhas Madash
  5055 | D:7      | Noticed Duvessa
  5055 | D:7      | Noticed Dowan
  5254 | D:7      | Reached skill level 6 in Unarmed Combat
  5260 | D:7      | Killed Duvessa
  5264 | D:7      | Killed from afar by Dowan

Levels and vault maps discovered:
D:1:      onia_arrival_mini_maze, layout_basic
D:2:      layout_loops_corners, minmay_cupped
D:3:      layout_loops_corners, first_ration, chequers_serial_rivers_room_b,
          skrybe_limestone_x
D:4:      layout_cave_pools, kennysheep_mini
D:5:      layout_gridville, nicolae_overflow_hidden_temple, vehumet_statue,
          minmay_crystal_room
D:6:      layout_loops_cross, minmay_temple_entry_poolview, basic_altar
D:7:      layout_cave_pools, lemuel_crystal_altar, serial_shops, shop_statue,
          uniq_harold, uniq_duvessa
Temple:   regret_index_temple_waves

Skill      XL: |  1  2  3  4  5  6  7 |
---------------+----------------------+-----
Unarmed Combat | 4 5 6 |  6.2
Dodging        | 2 |  2.6
Spellcasting   | 3 4 |  4.2
Transmutations | 3 |  3.3
Fighting       | 1 |  1.3
Armour         | 1 |  1.8
Stealth        | |  0.8
Ice Magic      | |  0.1

Action                   |  1- 3 |  4- 6 |  7- 9 || total
-------------------------+-------+-------+-------++-------
Melee: Unarmed           |    73 |   232 |    36 ||   341
       Bite              |    11 |    60 |     6 ||    77
       Headbutt          |     6 |    33 |     2 ||    41
       Kick              |     4 |       |       ||     4
       Punch             |       |     4 |       ||     4
 Cast: Beastly Appendage |    13 |    30 |     4 ||    47
       Spider Form       |     2 |     4 |       ||     6
       Ice Form          |       |       |     1 ||     1
  Use: Scroll            |     6 |     8 |     3 ||    17
       Potion            |       |     1 |       ||     1
 Stab: Sleeping          |       |     1 |       ||     1
  Eat: Ration            |     1 |     2 |     1 ||     4
       Chunk             |       |     1 |     1 ||     2
Armor: Robe              |    11 |     5 |       ||    16
       Leather armour    |       |    34 |     7 ||    41
       Skin              |       |     1 |       ||     1
Dodge: Dodged            |    45 |   138 |    19 ||   202

Table legend:
 A = Non-vault XP
 B = Vault XP
 C = Vault XP percentage of total XP
 D = Non-vault monster count
 E = Vault monster count
 F = Vault count percentage of total count
                 A         B        C        D         E       F
            +---------+---------+-------+---------+---------+-------
      Total |     852 |     189 |  18.2 |      91 |       4 |   4.2
            +---------+---------+-------+---------+---------+-------
        D:1 |      14 |       0 |   0.0 |       6 |       0 |   0.0
        D:2 |      51 |      15 |  22.7 |      14 |       2 |  12.5
        D:3 |     110 |       0 |   0.0 |      32 |       0 |   0.0
        D:4 |      91 |       0 |   0.0 |       8 |       0 |   0.0
        D:5 |     156 |      32 |  17.0 |      16 |       1 |   5.9
        D:6 |     370 |       0 |   0.0 |      14 |       0 |   0.0
        D:7 |      60 |     142 |  70.3 |       1 |       1 |  50.0
            +---------+---------+-------+---------+---------+-------
